 Dungeon Crawl Stone Soup version 0.29.1-15-g9cfb28693d (webtiles) character file.

Game seed: 153119138139052015

433 jtron the Chopper (level 6, -4/51 HPs)
             Began as a Palentonga Fighter on Feb 27, 2023.
             Slain by an ice beast (12 damage)
             ... on level 6 of the Dungeon.
             The game lasted 00:07:56 (3232 turns).

jtron the Chopper (Palentonga Fighter)              Turns: 3232, Time: 00:07:57

Health: -4/51      AC:  7    Str: 21    XL:     6   Next: 67%
Magic:  6/6        EV:  9    Int:  9    God:
Gold:   192        SH:  4    Dex: 11    Spells: 5/5 levels left

rFire   . . .      SeeInvis +   a - +1 war axe
rCold   . . .      Faith    .   c - +0 buckler
rNeg    + . .      Spirit   .   u - +1 leather armour of the Trombone {rN+}
rPois   .          Reflect  .   (no helmet)
rElec   .          Harm     .   k - +0 cloak
rCorr   .          Rampage  .   (no gloves)
Will    .....                   (no barding)
Stlth   +.........              (no amulet)
HPRegen 0.17/turn               (no ring)
MPRegen 0.10/turn               (no ring)

@: mighty
A: large, rugged brown scales 3, see invisible, deformed body, roll 1, armoured
tail
a: Rolling Charge


You were on level 6 of the Dungeon.
You visited 1 branch of the dungeon, and saw 6 of its levels.

You collected 192 gold pieces.

Inventory:

Hand Weapons
 a - a +1 war axe (weapon)
 b - a +1 sling
Missiles
 f - 4 boomerangs (quivered)
 l - 5 boomerangs of dispersal
 r - 7 poisoned darts
Armour
 c - a +0 buckler (worn)
 k - a +0 cloak (worn)
 m - the +2 leather armour "Badoc" {rElec rPois Slay-2 SInv}
   (You found it on level 6 of the Dungeon)

   Slay:      It affects your accuracy & damage with ranged weapons and melee
   (-2).
   rElec:     It insulates you from electricity.
   rPois:     It protects you from poison.
   SInv:      It lets you see invisible.
 u - the +1 leather armour of the Trombone (worn) {rN+}
   (You found it on level 3 of the Dungeon)

   rN:        It protects you from negative energy.
Magical Staves
 e - a staff of conjuration
Wands
 p - a wand of roots (8)
 q - a wand of flame (6)
Scrolls
 h - a scroll of fear {unknown}
 t - a scroll of amnesia {unknown}
 v - a scroll of enchant armour {unknown}
Potions
 g - a potion of curing
 i - 2 potions of flight
 j - a potion of attraction {unknown}
 n - 2 potions of mutation
 o - 2 potions of lignification


   Skills:
 + Level 4.0 Fighting
 + Level 4.9 Axes
 + Level 0.7 Ranged Weapons
 + Level 3.4 Armour
 - Level 1.2 Dodging
 + Level 0.1 Stealth
 - Level 3.1 Shields
 + Level 0.8 Evocations


You had 5 spell levels left.
You didn't know any spells.
Your spell library contained the following spells:

 Spells                   Type           Power      Damage    Failure   Level
 Scorch                   Fire           0%         2d5       65%         2
 Frozen Ramparts          Ice            0%         1d1       87%         3
 Corpse Rot               Necr/Pois/Air  0%         N/A       99%         4
 Dispel Undead            Necr           0%         3d6       99%         4
 Flame Wave               Conj/Fire      0%         2d4       99%         4
 Ice Form                 Ice/Tmut       0%         N/A       99%         4
 Summon Ice Beast         Ice/Summ       0%         N/A       99%         4
 Death Channel            Necr           0%         N/A       100%        6
 Summon Cactus Giant      Summ           0%         N/A       100%        6


Dungeon Overview and Level Annotations

Branches:
Dungeon (7/15)
 Temple: D:4-7

Altars:
Cheibriados
Qazlal

Shops:
D:6 (


Innate Abilities, Weirdness & Mutations

You are completely covered in rugged brown scales. (AC +3, +7% HP)
You have supernaturally acute eyesight. (SInv)
Armour fits poorly on your strangely shaped body.
You can roll at nearby foes to attack.
You have a long armoured tail.


Message History

The ice beast hits you but does no damage.
Aiming: Throw Flame
Press: ? - help, Shift-Dir - straight line, f - ice beast
Aim: an ice beast (68% to hit)
The puff of flame hits the ice beast!
The ice beast melts!
The ice beast is moderately wounded.
You block the ice beast's attack.
Aiming: Throw Flame
Press: ? - help, Shift-Dir - straight line, f/p - ice beast
Aim: an ice beast (moderately wounded, 68% to hit)
The puff of flame hits the ice beast.
The ice beast is moderately wounded.
The ice beast hits you. The ice beast freezes you.
Aiming: Throw Flame
Press: ? - help, Shift-Dir - straight line, f/p - ice beast
Aim: an ice beast (moderately wounded, 68% to hit)
The puff of flame hits the ice beast.
The ice beast melts!
The ice beast is heavily wounded.
The ice beast hits you but does no damage.
Aiming: Throw Flame
Press: ? - help, Shift-Dir - straight line, f/p - ice beast
Aim: an ice beast (heavily wounded, 68% to hit)
The puff of flame hits the ice beast.
The ice beast melts!
The ice beast is severely wounded.
The ice beast hits you. The ice beast freezes you.
You closely miss the ice beast.
The ice beast is severely wounded.
The ice beast hits you. The ice beast freezes you!
* * * LOW HITPOINT WARNING * * *
You block the ice beast's attack.
It was a potion of magic.
Magic courses through your body. The ice beast barely misses you.
You feel very mighty all of a sudden. You block the ice beast's attack.
You closely miss the ice beast.
The ice beast is severely wounded.
The ice beast hits you.
* * * LOW HITPOINT WARNING * * *
The ice beast freezes you!
You die...

.................#
...####......∩...# ..
#..........# .
#...K......#
##..........#
#........KK.#
#####...#.####K##
..>.......# #Y#
.........#####@#
.............#........
.............#########
..........†..#
.............#
..........>..#
.........#####
........# .######


You could see an ice beast, a kobold brigand and 2 kobolds.

Vanquished Creatures
  A water moccasin (D:6)
  An ice beast (D:6)
  A bullfrog (D:6)
  A hound (D:6)
  4 gnolls
  2 adders
  An ufetubus (D:4)
  4 worms
  A dart slug (D:4)
  An orc (D:4)
  6 endoplasms
  2 giant cockroaches
  8 goblins
  5 hobgoblins
  A quokka (D:1)
  10 ball pythons
  2 bats
  6 frilled lizards
  9 kobolds
  6 rats
72 creatures vanquished.

Vanquished Creatures (others)
  A plant (D:3)
1 creature vanquished.

Grand Total: 73 creatures vanquished

Notes
Turn   | Place    | Note
-------+----------+-------------------------------------------
     0 | D:1      | jtron the Palentonga Fighter began the quest for the Orb.
     0 | D:1      | Reached XP level 1. HP: 19/19 MP: 1/1
   237 | D:1      | Reached XP level 2. HP: 25/25 MP: 2/2
   841 | D:2      | Reached XP level 3. HP: 31/31 MP: 3/3
  1466 | D:2      | Found a faded altar of an unknown god.
  1861 | D:3      | Found a snail-covered altar of Cheibriados.
  2053 | D:3      | Reached XP level 4. HP: 37/37 MP: 4/4
  2160 | D:3      | Identified the +1 leather armour of the Trombone {rN+}
  2365 | D:3      | Found a stormy altar of Qazlal.
  2986 | D:4      | Reached XP level 5. HP: 43/43 MP: 5/5
  3106 | D:4      | You fall into a shaft and drop 3 floors!
  3144 | D:7      | Noticed a black bear
  3147 | D:6      | Noticed a water moccasin
  3152 | D:6      | Killed a water moccasin
  3153 | D:6      | Reached skill level 1 in Dodging
  3157 | D:6      | Found Xuem's Weapon Shop.
  3159 | D:6      | Identified the +2 leather armour "Badoc" {rElec rPois
                  | Slay-2 SInv}
  3176 | D:6      | Noticed an ice beast
  3182 | D:6      | Killed an ice beast
  3183 | D:6      | Reached XP level 6. HP: 51/51 MP: 6/6
  3208 | D:6      | Noticed an ice beast
  3232 | D:6      | Slain by an ice beast

Illustrated notes

Levels and vault maps discovered:
D:1:      evilmike_arrival_hilbert_curve, layout_basic, st_stairs_11,
          minmay_tromino_i2
D:2:      wander_river, layout_loops_ring, shapermc_ecumenical_altar_notcrosses
D:3:      layout_basic, mainiacjoe_overflow_24_doors, cheibriados_altar_1,
          eino_tiny_chamber, minmay_shallow_snake_nest
D:4:      layout_basic, grunt_ashenzari_visionary
          [grunt_ashenzari_visionary_swamp, grunt_ashenzari_visionary_snake],
          st_stairs_13, uniq_blork_the_orc
D:6:      layout_basic, mainiacjoe_overflow_alcove_2, mainiacjoe_overflow_paths,
          serial_shops, shop, uniq_menkaure
D:7:      layout_loops_ring

Skill      XL: |  1  2  3  4  5  6 |
---------------+-------------------+-----
Axes           | 3 4 |  4.9
Armour         | 3 |  3.4
Dodging        | 1 |  1.2
Shields        | 3 |  3.1
Fighting       | 4 |  4.0
Ranged Weapons | |  0.7
Stealth        | |  0.1
Evocations     | |  0.8

Action                   |  1- 3 |  4- 6 || total
-------------------------+-------+-------++-------
Melee: War axe           |   124 |    52 ||   176
       Tailslap          |    14 |     5 ||    19
 Fire: Sling             |       |     8 ||     8
Throw: Boomerang         |     3 |       ||     3
 Abil: Rolling Charge    |     2 |       ||     2
Evoke: Wand              |       |    12 ||    12
  Use: Scroll            |     3 |     4 ||     7
       Potion            |       |     4 ||     4
Armor: Scale mail        |    53 |    13 ||    66
       Leather armour    |       |    21 ||    21
Dodge: Dodged            |    44 |    33 ||    77
Block: Buckler           |    26 |    13 ||    39
